 Dungeon Crawl Stone Soup version 0.25.0-9-g26727b657a (webtiles) character file.

Game seed: 16014319541483318503

193 HoaS the Twirler (level 5, -9/33 HPs)
             Began as a Gargoyle Gladiator on June 19, 2020.
             Mangled by an orc warrior
             ... wielding a +0 glaive
              (13 damage)
             ... on level 3 of the Dungeon.
             The game lasted 00:05:10 (2367 turns).

HoaS the Twirler (Gargoyle Gladiator)               Turns: 2367, Time: 00:05:11

Health: -9/33      AC: 11    Str: 19    XL:     5   Next: 72%
Magic:  5/5        EV: 11    Int:  8    God:
Gold:   117        SH:  0    Dex: 11    Spells: 4/4 levels left

rFire    . . .     SeeInvis .   a - +0 quarterstaff
rCold    . . .     Gourm    .   (shield currently unavailable)
rNeg     + . .     Faith    .   n - +0 ring mail
rPois    ∞         Spirit   .   c - +1 helmet
rElec    +         Reflect  .   (no cloak)
rCorr    .         Harm     .   (no gloves)
MR       .....                  (no boots)
Stlth    +.........             (no amulet)
HPRegen  0.11/turn              (no ring)
MPRegen  0.09/turn              (no ring)

@: no status effects
A: negative energy resistance 1, electricity resistance, unbreathing,
petrification resistance, rot immunity, AC +4
a: no special abilities


You were on level 3 of the Dungeon.
You were not hungry.

You visited 1 branch of the dungeon, and saw 3 of its levels.

You collected 117 gold pieces.

Inventory:

Hand Weapons
 a - a +0 quarterstaff (weapon)
Missiles
 d - 2 throwing nets (quivered)
 k - 7 javelins
 l - 9 poisoned darts
 m - 4 atropa-tipped darts
Armour
 c - a +1 helmet (worn)
 n - a +0 ring mail (worn)
Jewellery
 g - a +4 ring of evasion {unknown}
Scrolls
 h - 5 scrolls of teleportation
Potions
 e - a potion of resistance {unknown}
 i - 5 potions of lignification
 j - a potion of berserk rage {unknown}
 o - a potion of heal wounds {unknown}
Comestibles
 b - 3 chunks of flesh
 f - 6 rations


   Skills:
 + Level 3.9 Fighting
 * Level 5.4 Staves
 - Level 1.7 Throwing
 - Level 2.4 Dodging


You had 4 spell levels left.
You didn't know any spells.
Your spell library was empty.

Dungeon Overview and Level Annotations

Branches:
Dungeon (3/15)

Altars:
Okawaru
Uskayaw


Innate Abilities, Weirdness & Mutations

You are resistant to torment.
Your stone body is resilient. (AC +4)
You are immune to poison.
You resist negative energy. (rN+)
You are resistant to electric shocks. (rElec)
You can survive without breathing.
You are immune to petrification.
You are immune to rotting.


Message History

The frilled lizard bites you but does no damage.
You hit the orc warrior.
The orc warrior is severely wounded.
The orc warrior barely misses you. The frilled lizard barely misses you.
You hit the orc warrior.
The orc warrior is almost dead.
The frilled lizard bites you but does no damage.
The orc warrior hits you with a +0 glaive!
* * * LOW HITPOINT WARNING * * *
You barely miss the orc warrior.
The orc warrior is almost dead.
The frilled lizard closely misses you.
You hit the orc warrior but do no damage.
The orc warrior is almost dead.
The orc warrior closely misses you.
The frilled lizard bites you but does no damage.
You hit the orc warrior.
The orc warrior is almost dead.
The orc warrior hits you with a +0 glaive!
You die... ##.........####...## #+##......+........ #.F ###....####...## #.. #.##..## ##.## #ol

#.)'.## #.# #..
#.##.# #.### #.r
###..# #.... . #..
####...## ####.
....##'##o@...## #.
#.).....l###.## #.
#.##...####...######
#. #...............#
#. #...####...####.#
#. ....## ##.##
#.######. .#### #.#
#........ # #.#
######### #.#


You could see an orc warrior and a frilled lizard.

Vanquished Creatures
  A scorpion (D:3)
  Natasha (D:2)
  A worker ant (D:3)
  2 adders
  2 oozes
  2 worms (D:2)
  A dart slug (D:1)
  2 leopard geckos
  5 bats
  6 goblins
  7 hobgoblins
  7 jackals (D:2)
  2 ball pythons
  2 frilled lizards (D:2)
  5 kobolds
  12 rats
58 creatures vanquished.

Notes
Turn   | Place    | Note
-------+----------+-------------------------------------------
     0 | D:1      | HoaS the Gargoyle Gladiator began the quest for the Orb.
     0 | D:1      | Reached XP level 1. HP: 12/12 MP: 1/1
   240 | D:1      | Reached XP level 2. HP: 18/18 MP: 2/2
   656 | D:2      | Reached XP level 3. HP: 22/22 MP: 3/3
  1004 | D:2      | Reached skill level 4 in Staves
  1019 | D:2      | Noticed Natasha
  1040 | D:2      | Killed Natasha
  1040 | D:2      | Reached XP level 4. HP: 11/28 MP: 4/4
  2028 | D:3      | Found a hide-covered altar of Uskayaw.
  2034 | D:3      | Found an iron altar of Okawaru.
  2180 | D:3      | Reached XP level 5. HP: 32/32 MP: 5/5
  2216 | D:3      | Reached skill level 5 in Staves
  2345 | D:3      | Noticed an orc warrior
  2367 | D:3      | Mangled by an orc warrior

Illustrated notes

Levels and vault maps discovered:
D:1:      scummos_arrival_forest, layout_rooms, minmay_door_square,
          minmay_fountain_box, minmay_statues_item
D:2:      layout_basic, first_ration, uniq_natasha
D:3:      layout_loops_corners, amethyst_overflow_temple_binary,
          minmay_divided_ellipse

Skill      XL: |  1  2  3  4  5 |
---------------+----------------+-----
Staves         | 4 5 |  5.4
Fighting       | 3 |  3.9
Throwing       | |  1.7
Dodging        | |  2.4

Action                   |  1- 3 |  4- 6 || total
-------------------------+-------+-------++-------
Melee: Quarterstaff      |    81 |   122 ||   203
Throw: Throwing net      |       |     1 ||     1
  Use: Scroll            |     3 |     3 ||     6
 Stab: Held in net/web   |       |     1 ||     1
  Eat: Chunk             |       |     5 ||     5
Armor: Leather armour    |    32 |       ||    32
       Ring mail         |       |    50 ||    50
Dodge: Dodged            |    44 |    78 ||   122
